SR
CAPITAL HILL INTERNS @ AMARILLO WARHEADS
08/09/2041
 
TOP OF THE 1ST
Capital Hill Interns batting - Pitching for Amarillo Warheads : RHP Enrico Gallegos
Pitching: RHP Enrico Gallegos
Batting: LHB Armando García 0-0: Swinging Strike
0-1: Ball
1-1: Ball
2-1: Ball
3-1: Base on Balls
Batting: RHB Valerio Salviati 0-0: Ball
1-0: Called Strike
1-1: Ball
2-1: Foul Ball, location: 2F
2-2: Reached on error, E1 (Groundball, 15, EV 93.8 MPH)
Armando García to second
Batting: LHB Gabriel Gonzáles 0-0: Ball
1-0: Called Strike
1-1: Swinging Strike
1-2: Ball
2-2: Strikes out looking
Batting: RHB Asko Huhtamo 0-0: Fly out, F8 (Line Drive, 8LD, EV 90.6 MPH)
Pitching: RHP Tom Stewart
Batting: RHB Javier García 0-0: Ball
1-0: Called Strike
1-1: Foul Ball, location: 2F
1-2: Ball
2-2: Strikes out swinging
Top of the 1st over - 0 runs, 0 hits, 1 error, 2 left on base; Capital Hill 0 - Amarillo 0
BOTTOM OF THE 1ST
Amarillo Warheads batting - Pitching for Capital Hill Interns : RHP Miguel Pérez
Pitching: RHP Miguel Pérez
Batting: RHB Bao-tian Tong 0-0: Bunt for hit to 13 - play at first, batter OUT! 1-3
Batting: RHB Muralidhara Neena 0-0: Ball
1-0: Foul Ball, location: 2F
1-1: Ball
2-1: Called Strike
2-2: Foul Ball, location: 2F
2-2: Reached on error, E5 (Groundball, 56S, EV 84.4 MPH)
Batting: SHB Mario Roldán 0-0: Called Strike
0-1: Ball
1-1: Ball
2-1: Foul Ball, location: 2F
2-2: Foul Ball, location: 2F
2-2: Ball
3-2: SINGLE (Groundball, 56D, EV 95.0 MPH)
Muralidhara Neena to second
Batting: RHB Yataro Nagai 0-0: Ball
1-0: Foul Ball, location: 2F
1-1: Ball
2-1: Ball
3-1: Foul Ball, location: 2F
3-2: Fly out, F8 (Flyball, 8LD, EV 78.1 MPH)
Batting: RHB Getoff Mylawn 0-0: Called Strike
0-1: Foul Ball, location: 2F
0-2: Strikes out looking
Bottom of the 1st over - 0 runs, 1 hit, 1 error, 2 left on base; Capital Hill 0 - Amarillo 0
TOP OF THE 2ND
Capital Hill Interns batting - Pitching for Amarillo Warheads : RHP Tom Stewart
Batting: RHB Mo Westoby 0-0: Ball
1-0: Foul Ball, location: 2F
1-1: Ball
2-1: Ball
3-1: Called Strike
3-2: Base on Balls
Batting: LHB Allen Edwards 0-0: Foul Ball, location: 2F
0-1: Swinging Strike
0-2: Strikes out swinging
Batting: RHB Devin Shaw 0-0: Swinging Strike
0-1: Called Strike
0-2: Foul Ball, location: 2F
0-2: Ball
1-2: Ball
2-2: Grounds out, U3 (Groundball, 3L, EV 88.1 MPH)
Batting: RHB Irwin Taylor 0-0: Ball
1-0: Hit by Pitch
Batting: LHB Armando García 0-0: Ball
1-0: Foul Ball, location: 2F
1-1: Ball
2-1: Foul Ball, location: 2F
2-2: Foul Ball, location: 2F
2-2: Foul Ball, location: 2F
2-2: Ball
3-2: Ground out 6-3 (Groundball, 6, EV 106.2 MPH)
Top of the 2nd over - 0 runs, 0 hits, 0 errors, 2 left on base; Capital Hill 0 - Amarillo 0
BOTTOM OF THE 2ND
Amarillo Warheads batting - Pitching for Capital Hill Interns : RHP Miguel Pérez
Batting: LHB Michael Carlton 0-0: Called Strike
0-1: Ball
1-1: Called Strike
1-2: Ball
2-2: Foul Ball, location: 2F
2-2: Ball
3-2: Foul Ball, location: 2F
3-2: Strikes out swinging
Batting: RHB Indergabriell Marifosque 0-0: Ball
1-0: Called Strike
1-1: Called Strike
1-2: Ball
2-2: Foul Ball, location: 2F
2-2: Ground out 4-3 (Groundball, 4, EV 85.6 MPH)
Batting: RHB Ron Burnett 0-0: Foul Ball, location: 2F
0-1: Swinging Strike
0-2: Ball
1-2: Strikes out looking
Bottom of the 2nd over - 0 runs, 0 hits, 0 errors, 0 left on base; Capital Hill 0 - Amarillo 0
TOP OF THE 3RD
Capital Hill Interns batting - Pitching for Amarillo Warheads : RHP Tom Stewart
Batting: RHB Valerio Salviati 0-0: Foul Ball, location: 2F
0-1: Fly out, F9 (Flyball, 9S, EV 76.2 MPH)
Batting: LHB Gabriel Gonzáles 0-0: Called Strike
0-1: Called Strike
0-2: Foul Ball, location: 2F
0-2: Strikes out looking
Batting: RHB Asko Huhtamo 0-0: Ball
1-0: Swinging Strike
1-1: Called Strike
1-2: Strikes out swinging
Top of the 3rd over - 0 runs, 0 hits, 0 errors, 0 left on base; Capital Hill 0 - Amarillo 0
BOTTOM OF THE 3RD
Amarillo Warheads batting - Pitching for Capital Hill Interns : RHP Miguel Pérez
Batting: RHB Anthony Bonham 0-0: Called Strike
0-1: Ground out 6-3 (Groundball, 6, EV 88.1 MPH)
Batting: RHB Bao-tian Tong 0-0: Foul Ball, location: 2F
0-1: Ball
1-1: Ball
2-1: Fly out, F8 (Flyball, 78D, EV 95.6 MPH)
Batting: RHB Muralidhara Neena 0-0: Swinging Strike
0-1: DOUBLE (Flyball, 89D, EV 86.2 MPH)
Batting: SHB Mario Roldán 0-0: SINGLE (Groundball, 4MD, EV 104.4 MPH)
Muralidhara Neena to third
Runner from 3rd tries for Home, SAFE, throw by CF to home
Batting: RHB Yataro Nagai 0-0: Called Strike
0-1: Foul Ball, location: 2F
0-2: Fly out, F9 (Flyball, 9LS, EV 93.1 MPH)
Bottom of the 3rd over - 1 run, 2 hits, 0 errors, 1 left on base; Capital Hill 0 - Amarillo 1
TOP OF THE 4TH
Capital Hill Interns batting - Pitching for Amarillo Warheads : RHP Tom Stewart
Batting: RHB Javier García 0-0: Called Strike
0-1: Foul Ball, location: 2F
0-2: Strikes out looking
Batting: RHB Mo Westoby 0-0: Ball
1-0: Ball
2-0: Called Strike
2-1: Foul Ball, location: 2F
2-2: Foul Ball, location: 2F
2-2: SINGLE (Groundball, 5S, EV 66.9 MPH) (infield hit)
Batting: LHB Allen Edwards 0-0: SINGLE (Line Drive, 7S, EV 103.8 MPH)
Mo Westoby to second
Batting: RHB Devin Shaw 0-0: Ball
1-0: Swinging Strike
1-1: Called Strike
1-2: Fielders Choice at 2nd, 3-6 (Groundball, 34, EV 102.5 MPH)
Mo Westoby to third
Batting: RHB Irwin Taylor 0-0: Ball
1-0: Ball
2-0: Called Strike
2-1: Ball
3-1: Foul Ball, location: 2F
3-2: Strikes out swinging
Top of the 4th over - 0 runs, 2 hits, 0 errors, 2 left on base; Capital Hill 0 - Amarillo 1
BOTTOM OF THE 4TH
Amarillo Warheads batting - Pitching for Capital Hill Interns : RHP Miguel Pérez
Batting: RHB Getoff Mylawn 0-0: Swinging Strike
0-1: Ball
1-1: Ball
2-1: Swinging Strike
2-2: Ball
3-2: Fly out, F3 (Popup, 3L, EV 56.9 MPH)
Batting: LHB Michael Carlton 0-0: DOUBLE (Line Drive, 89D, EV 102.5 MPH)
Batting: RHB Indergabriell Marifosque 0-0: Called Strike
Michael Carlton steals 3rd, throwing error, E2
Michael Carlton scores
0-1: Called Strike
0-2: Fly out, F9 (Flyball, 9S, EV 87.5 MPH)
Batting: RHB Ron Burnett 0-0: Ball
1-0: Fly out, F7 (Flyball, 78S, EV 88.8 MPH)
Bottom of the 4th over - 1 run, 1 hit, 1 error, 0 left on base; Capital Hill 0 - Amarillo 2
TOP OF THE 5TH
Capital Hill Interns batting - Pitching for Amarillo Warheads : RHP Tom Stewart
Batting: LHB Armando García 0-0: Ball
1-0: SINGLE (Flyball, 9S, EV 90.6 MPH)
Batting: RHB Valerio Salviati 0-0: Ball
1-0: Fielders Choice at 2nd, 6-4 (Groundball, 56, EV 90.6 MPH)
Batting: LHB Gabriel Gonzáles 0-0: Ball
1-0: Ball
2-0: Foul Ball, location: 2F
2-1: Ball
Valerio Salviati is caught stealing 2nd base 2-6
3-1: Foul Ball, location: 2F
3-2: Foul Ball, location: 2F
3-2: Foul Ball, location: 2F
3-2: Foul Ball, location: 2F
3-2: Foul Ball, location: 2F
3-2: Foul Ball, location: 2F
3-2: Base on Balls
Pitching: RHP Jack Geake
Batting: RHB Asko Huhtamo 0-0: Ball
1-0: DOUBLE (Line Drive, 9LM, EV 103.8 MPH)
Gabriel Gonzáles to third
Runner from 3rd tries for Home, SAFE, throw by RF to home
Batting: RHB Javier García 0-0: Ball
1-0: Foul Ball, location: 2F
1-1: Called Strike
1-2: Strikes out swinging
Top of the 5th over - 1 run, 2 hits, 0 errors, 1 left on base; Capital Hill 1 - Amarillo 2
BOTTOM OF THE 5TH
Amarillo Warheads batting - Pitching for Capital Hill Interns : RHP Miguel Pérez
Batting: RHB Anthony Bonham 0-0: Foul Ball, location: 2F
0-1: Ball
1-1: Swinging Strike
1-2: Ground out 6-3 (Groundball, 6, EV 78.8 MPH)
Batting: RHB Bao-tian Tong 0-0: Called Strike
0-1: SINGLE (Groundball, 56D, EV 101.9 MPH)
Batting: RHB Muralidhara Neena 0-0: Called Strike
Bao-tian Tong steals 2nd base
0-1: Called Strike
0-2: Foul Ball, location: 2F
0-2: Strikes out looking
Batting: SHB Mario Roldán 0-0: Ball
1-0: Swinging Strike
1-1: Fly out, F9 (Flyball, 9LDF, EV 91.9 MPH)
Bottom of the 5th over - 0 runs, 1 hit, 0 errors, 1 left on base; Capital Hill 1 - Amarillo 2
TOP OF THE 6TH
Capital Hill Interns batting - Pitching for Amarillo Warheads : RHP Jack Geake
Batting: RHB Mo Westoby 0-0: Bunted foul
0-1: Foul Ball, location: 2F
0-2: Ground out 5-3 (Groundball, 5S, EV 86.9 MPH)
Batting: LHB Allen Edwards 0-0: Called Strike
0-1: Swinging Strike
0-2: Ball
1-2: SOLO HOME RUN (Flyball, 89XD, EV 106.9 MPH), Distance : 406 ft
Batting: RHB Devin Shaw 0-0: Ball
1-0: Ground out 4-3 (Groundball, 4M, EV 103.8 MPH)
Batting: RHB Irwin Taylor 0-0: SINGLE (Line Drive, 4D, EV 96.9 MPH)
Batting: LHB Armando García 0-0: Ball
1-0: Called Strike
1-1: Ball
2-1: Ball
3-1: SINGLE (Flyball, 78M, EV 90.0 MPH)
Irwin Taylor to second
Batting: RHB Valerio Salviati 0-0: Called Strike
0-1: Swinging Strike
0-2: Ball
1-2: Ball
2-2: Strikes out swinging
Top of the 6th over - 1 run, 3 hits, 0 errors, 2 left on base; Capital Hill 2 - Amarillo 2
BOTTOM OF THE 6TH
Amarillo Warheads batting - Pitching for Capital Hill Interns : RHP Miguel Pérez
Batting: RHB Yataro Nagai 0-0: SINGLE (Line Drive, 6D, EV 95.0 MPH)
Batting: RHB Getoff Mylawn 0-0: Ball
1-0: Foul Ball, location: 2F
1-1: DOUBLE (Flyball, 89XD, EV 108.1 MPH)
Yataro Nagai to third
Batting: LHB Michael Carlton 0-0: Ball
1-0: Swinging Strike
Passed Ball!
Yataro Nagai scores
Getoff Mylawn to third
1-1: Ball
Wild Pitch!
Getoff Mylawn scores
2-1: Ground out 3-1 (Groundball, 34, EV 91.9 MPH)
Batting: RHB Indergabriell Marifosque 0-0: Ball
1-0: Ball
2-0: Called Strike
2-1: DOUBLE (Line Drive, 9LS, EV 99.4 MPH)
Batting: RHB Ron Burnett 0-0: Foul Ball, location: 2F
0-1: Ground out 6-3 (Groundball, 6, EV 87.5 MPH)
Indergabriell Marifosque to third
Batting: RHB Anthony Bonham 0-0: Ball
1-0: Ball
Wild Pitch!
Indergabriell Marifosque scores
2-0: DOUBLE (Groundball, 5L, EV 96.9 MPH)
Batting: RHB Bao-tian Tong 0-0: Ball
Passed Ball!
Anthony Bonham to third
1-0: Swinging Strike
1-1: DOUBLE (Flyball, 78D, EV 94.4 MPH)
Anthony Bonham scores
Pitching: RHP Ron Blackshaw
Batting: RHB Muralidhara Neena 0-0: Called Strike
0-1: Called Strike
0-2: Strikes out swinging, 2-3 out at first.
Bottom of the 6th over - 4 runs, 5 hits, 0 errors, 1 left on base; Capital Hill 2 - Amarillo 6
TOP OF THE 7TH
Capital Hill Interns batting - Pitching for Amarillo Warheads : RHP Jack Geake
Batting: LHB Gabriel Gonzáles 0-0: Ball
1-0: Ball
2-0: Swinging Strike
2-1: Foul Ball, location: 2F
2-2: Ball
3-2: Foul Ball, location: 2F
3-2: Foul Ball, location: 2F
3-2: DOUBLE (Flyball, 78XD, EV 113.8 MPH)
Batting: RHB Asko Huhtamo 0-0: Called Strike
0-1: Ground out 6-3 (Groundball, 6, EV 89.4 MPH)
Gabriel Gonzáles to third
Batting: RHB Javier García 0-0: Ground out 4-3 (Groundball, 4M, EV 77.5 MPH)
Gabriel Gonzáles scores
Batting: RHB Mo Westoby 0-0: Ball
1-0: Called Strike
1-1: Ball
2-1: SINGLE (Groundball, 25, EV 70.0 MPH) (infield hit)
Batting: LHB Allen Edwards 0-0: Ball
1-0: Foul Ball, location: 2F
1-1: Fly out, F8 (Flyball, 89S, EV 85.0 MPH)
Top of the 7th over - 1 run, 2 hits, 0 errors, 1 left on base; Capital Hill 3 - Amarillo 6
BOTTOM OF THE 7TH
Amarillo Warheads batting - Pitching for Capital Hill Interns : RHP Ron Blackshaw
Batting: SHB Mario Roldán 0-0: Called Strike
0-1: Fly out, F7 (Flyball, 7S, EV 85.6 MPH)
Batting: RHB Yataro Nagai 0-0: Called Strike
0-1: Foul Ball, location: 2F
0-2: Ball
1-2: Strikes out swinging
Batting: RHB Getoff Mylawn 0-0: Ball
1-0: Ball
2-0: Foul Ball, location: 2F
2-1: DOUBLE (Line Drive, 89M, EV 87.5 MPH)
Batting: LHB Michael Carlton 0-0: Ball
1-0: Swinging Strike
1-1: Ground out U3 (Groundball, 34, EV 87.5 MPH)
Bottom of the 7th over - 0 runs, 1 hit, 0 errors, 1 left on base; Capital Hill 3 - Amarillo 6
TOP OF THE 8TH
Capital Hill Interns batting - Pitching for Amarillo Warheads : RHP Jack Geake
Batting: RHB Devin Shaw 0-0: DOUBLE (Line Drive, 89D, EV 106.2 MPH)
Pitching: RHP Alfredo Flores
Batting: RHB Irwin Taylor 0-0: Ball
1-0: Swinging Strike
1-1: Ball
2-1: Foul Ball, location: 2F
2-2: Strikes out looking
Batting: LHB Armando García 0-0: Ball
1-0: Ball
2-0: Foul Ball, location: 2F
2-1: Ball
3-1: Base on Balls
Batting: RHB Valerio Salviati 0-0: Called Strike
0-1: Ball
1-1: Called Strike
1-2: Ball
2-2: Fly out, F7 (Line Drive, 7, EV 98.8 MPH)
Batting: LHB Gabriel Gonzáles 0-0: Ball
1-0: Called Strike
1-1: Called Strike
1-2: Strikes out swinging
Top of the 8th over - 0 runs, 1 hit, 0 errors, 2 left on base; Capital Hill 3 - Amarillo 6
BOTTOM OF THE 8TH
Amarillo Warheads batting - Pitching for Capital Hill Interns : RHP Ron Blackshaw
Batting: RHB Indergabriell Marifosque 0-0: Called Strike
0-1: Called Strike
0-2: Ground out 6-3 (Groundball, 6, EV 88.8 MPH)
Batting: RHB Ron Burnett 0-0: Called Strike
0-1: Foul Ball, location: 2F
0-2: Ball
1-2: Foul Ball, location: 2F
1-2: Foul Ball, location: 2F
1-2: Fly out, F8 (Flyball, 8LS, EV 91.9 MPH)
Batting: RHB Anthony Bonham 0-0: Called Strike
0-1: Foul Ball, location: 2F
0-2: SINGLE (Line Drive, 56D, EV 100.0 MPH)
Batting: RHB Bao-tian Tong 0-0: Ball
Passed Ball!
Anthony Bonham to second
1-0: Ball
2-0: Foul Ball, location: 2F
2-1: Called Strike
2-2: Fly out, F8 (Flyball, 8RM, EV 88.1 MPH)
Bottom of the 8th over - 0 runs, 1 hit, 0 errors, 1 left on base; Capital Hill 3 - Amarillo 6
TOP OF THE 9TH
Capital Hill Interns batting - Pitching for Amarillo Warheads : RHP Alfredo Flores
Pitching: RHP Rey Counsell
Batting: RHB Asko Huhtamo 0-0: Called Strike
0-1: Ball
1-1: Ball
2-1: Single, Error in OF, E9, batter to second base (Line Drive, 89S, EV 103.1 MPH)
Batting: RHB Javier García 0-0: Ball
1-0: Ball
2-0: Ball
3-0: Called Strike
3-1: Base on Balls
Batting: RHB Mo Westoby 0-0: Ball
1-0: Ball
2-0: Foul Ball, location: 2F
2-1: Fielders Choice at 2nd, 6-4 (Groundball, 6M, EV 110.0 MPH)
Asko Huhtamo to third
Batting: LHB Allen Edwards 0-0: Ball
1-0: Ball
2-0: Called Strike
2-1: Ball
3-1: Base on Balls
Mo Westoby to second
Batting: RHB Devin Shaw 0-0: SINGLE (Flyball, 9LS, EV 93.8 MPH)
Asko Huhtamo scores
Mo Westoby to third
Allen Edwards to second
Batting: RHB Irwin Taylor 0-0: Foul Ball, location: 2F
0-1: Ball
1-1: Called Strike
1-2: Ball
2-2: Fly out, F8 (Flyball, 8RS, EV 86.9 MPH)
Batting: LHB Armando García 0-0: Ball
1-0: Ball
2-0: Foul Ball, location: 2F
2-1: Ball
3-1: Foul Ball, location: 2F
3-2: Fly out, F6 (Flyball, 4MD, EV 81.9 MPH)
Top of the 9th over - 1 run, 2 hits, 1 error, 3 left on base; Capital Hill 4 - Amarillo 6
Tuesday, January 5th, 2021 - OOTP Baseball 20.8 Build 74